 Dungeon Crawl Stone Soup version 0.29-a0-359-g541a27f54d (webtiles) character file.

Game seed: 191173027421935170

2482 HendSelp the Cruncher (level 9, -3/74 (85) HPs)
             Began as a Naga Gladiator on Apr 27, 2022.
             Was a Follower of Okawaru.
             Slain by a wight
             ... wielding a +0 mace
              (5 damage)
             ... on level 6 of the Dungeon.
             The game lasted 00:09:20 (7102 turns).

HendSelp the Cruncher (Naga Gladiator)              Turns: 7102, Time: 00:09:21

HP:   -3/74 (85)    AC: 12    Str: 20    XL:     9   Next: 51%
MP:   18/18         EV:  8    Int:  9    God:    Okawaru [*.....]
Gold: 306           SH:  0    Dex: 13    Spells: 8/8 levels left

rFire   . . .      SeeInvis +   a - +2 quarterstaff
rCold   . . .      Faith    .   (shield currently unavailable)
rNeg    . . .      Spirit   .   s - +3 scale mail of Honour {Regen+}
rPois   +          Reflect  .   c - +0 helmet
rElec   .          Harm     .   (no cloak)
rCorr   +          Rampage  .   l - +1 pair of gloves
Will    +....                   (no barding)
Stlth   ..........              (no amulet)
HPRegen 1.02/turn               f - ring of magical power
MPRegen 0.16/turn               t - ring of resist corrosion

@: heavily drained, very slow
A: AC +3, large, see invisible, deformed body, poison resistance, slowness 2,
spit poison 1, naga tail 1
a: Spit Poison, Renounce Religion, Heroism


You were on level 6 of the Dungeon.
You worshipped Okawaru.
Okawaru was aware of your devotion.
You visited 2 branches of the dungeon, and saw 8 of its levels.
You also visited: Sewer.

You collected 306 gold pieces.

Inventory:

Hand Weapons
 a - a +2 quarterstaff (weapon)
Missiles
 d - 3 throwing nets
 e - a javelin
Armour
 c - a +0 helmet (worn)
 l - a +1 pair of gloves (worn)
 s - the +3 scale mail of Honour (worn) {Regen+}
   (You found it on level 4 of the Dungeon)

   Regen:     It increases your rate of health regeneration.
Jewellery
 f - a ring of magical power (left hand)
 k - a +6 ring of intelligence
 t - a ring of resist corrosion (right hand)
 w - a +6 ring of intelligence
Wands
 m - a wand of paralysis (8)
 u - a wand of flame (26)
Scrolls
 g - 4 scrolls of fear
 j - 2 scrolls of teleportation
 p - a scroll of identify
 q - a scroll of blinking
Potions
 b - a potion of magic
 h - 2 potions of resistance
 i - a potion of flight
 n - a potion of lignification
 o - 2 potions of attraction
 r - a potion of mutation


   Skills:
 + Level 6.9 Fighting
 + Level 11.1 Staves
 - Level 1.7 Throwing
 - Level 2.4 Dodging


You had 8 spell levels left.
You didn't know any spells.
Your spell library contained the following spells:

 Spells                   Type           Power      Damage    Failure   Level
 Foxfire                  Conj/Fire      0%         2x1d4     77%         1
 Conjure Flame            Conj/Fire      0%         6-21      98%         3
 Frozen Ramparts          Ice            0%         1d2       98%         3
 Ignite Poison            Fire/Tmut/Pois 0%         N/A       98%         3
 Inner Flame              Hex/Fire       0%         N/A       98%         3
 Flame Wave               Conj/Fire      0%         2d4       100%        4
 Ice Form                 Ice/Tmut       0%         N/A       100%        4
 Sticky Flame             Conj/Fire      0%         2d3       100%        4
 Summon Ice Beast         Ice/Summ       Unusable   N/A       N/A         4

Dungeon Overview and Level Annotations

Branches:
Dungeon (7/15)             Temple (1/1) D:6           Sewer (visited)

Altars:
Ashenzari
Cheibriados
Hepliaklqana
Kikubaaqudgha
Makhleb
Nemelex Xobeh
Okawaru
Qazlal
Ru
Trog
Uskayaw
Vehumet
Wu Jian
Xom
Yredelemnul

Shops:
D:3 (   D:5 *


Innate Abilities, Weirdness & Mutations

Your serpentine skin is tough. (AC +3)
You have supernaturally acute eyesight. (SInv)
Armour fits poorly on your strangely shaped body.
Your system is resistant to poisons. (rPois)
You cover ground very slowly.
You can spit poison.
You have a snake-like lower body.


Message History

The wight hits you with a +0 mace.
* * * LOW HITPOINT WARNING * * *
You feel drained.
The wight hits you with a +0 short sword.
* * * LOW HITPOINT WARNING * * *
You feel much better.
The wight hits you with a +3 battleaxe of freezing.
You feel drained. The wight freezes you.
The wight hits you but does no damage. x2
You hit the wight.
The wight is almost destroyed.
The wight barely misses you.
The wight hits you but does no damage. x2
Unknown command.
Unknown command.
You hit the wight but do no damage.
The wight is almost destroyed.
Unknown command.
You closely miss the wight.
The wight is almost destroyed.
The wight barely misses you. The wight hits you with a +0 mace.
The wight barely misses you.
Unknown command.
Unknown command.
You barely miss the wight.
The wight is almost destroyed.
The wight hits you with a +3 battleaxe of freezing.
The wight freezes you. The wight hits you with a +0 mace.
You feel drained.
* * * LOW HITPOINT WARNING * * *
The wight hits you with a +0 short sword.
* * * LOW HITPOINT WARNING * * *
You feel drained.
* * * LOW HITPOINT WARNING * * *
Unknown command.
You closely miss the wight.
The wight is almost destroyed.
The wight hits you with a +3 battleaxe of freezing!
* * * LOW HITPOINT WARNING * * *
The wight freezes you.
* * * LOW HITPOINT WARNING * * *
The wight hits you with a +0 mace.
You die...

#.# #### #.# #.#
#.# #.# #.# #.#
#z################
#@z...............
#z################
##'########
#.........#
#.........#
#......<..#
#.........#########
#.........##.......
#........)##.......


You could see 3 wights.

Vanquished Creatures
  An orc warrior (D:6)
  An ice beast (D:6)
  A centaur (D:5)
  An ogre (D:4)
  A phantom (D:6)
  2 bullfrogs (Sewer)
  A necrophage (D:7)
  8 scorpions
  7 wights (D:6)
  4 killer bees (D:5)
  2 orc priests (D:6)
  2 jellies (D:6)
  6 hounds
  A gnoll shaman (D:6)
  3 iguanas
  5 orc wizards
  8 gnolls
  11 adders
  A shadow imp (D:6)
  A white imp (D:5)
  2 ufetubi
  4 worms
  A dart slug (D:4)
  18 orcs
  4 endoplasms
  19 giant cockroaches
  9 goblins
  7 hobgoblins
  10 kobolds
  9 quokkas
  10 ball pythons
  6 bats
  17 frilled lizards
  7 rats
190 creatures vanquished.

Notes
Turn   | Place    | Note
-------+----------+-------------------------------------------
     0 | D:1      | HendSelp the Naga Gladiator began the quest for the Orb.
     0 | D:1      | Reached XP level 1. HP: 19/19 MP: 1/1
   226 | D:1      | Reached XP level 2. HP: 18/26 MP: 2/2
   532 | D:1      | Reached XP level 3. HP: 33/33 MP: 3/3
   611 | D:1      | Reached skill level 4 in Staves
  1374 | D:2      | Reached XP level 4. HP: 40/40 MP: 4/4
  2119 | D:3      | Found a faded altar of an unknown god.
  2182 | D:3      | Found Ryffypre's Antique Weapon Boutique.
  2331 | D:3      | Reached skill level 5 in Staves
  2334 | D:3      | Found a glowing drain.
  2346 | Sewer    | Entered a sewer
  2392 | Sewer    | Reached XP level 5. HP: 45/48 MP: 5/5
  2671 | Sewer    | Reached XP level 6. HP: 38/56 MP: 6/6
  2680 | Sewer    | Reached skill level 6 in Staves
  3637 | D:4      | Identified the +3 scale mail of Honour {Regen+}
  3887 | D:4      | Reached skill level 7 in Staves
  3887 | D:4      | Reached XP level 7. HP: 51/63 MP: 7/7
  4326 | D:4      | Reached skill level 8 in Staves
  4562 | D:5      | Entered Level 5 of the Dungeon
  4562 | D:5      | Found Calebas's General Store.
  4597 | D:5      | Reached XP level 8. HP: 64/73 MP: 8/8
  4898 | D:5      | Found a hide-covered altar of Uskayaw.
  4912 | D:5      | Reached skill level 5 in Fighting
  4931 | D:5      | Reached skill level 9 in Staves
  5459 | D:5      | Found a burning altar of Makhleb.
  5661 | D:6      | Found a staircase to the Ecumenical Temple.
  5681 | D:6      | Reached skill level 10 in Staves
  5686 | D:6      | Reached XP level 9. HP: 58/82 MP: 9/9
  5712 | Temple   | Entered the Ecumenical Temple
  5860 | Temple   | Became a worshipper of Warmaster Okawaru
  5986 | D:6      | Found a sacrificial altar of Ru.
  6458 | D:6      | Found a radiant altar of Vehumet.
  6602 | D:6      | Found a shimmering altar of Xom.
  6662 | D:6      | Found a snail-covered altar of Cheibriados.
  6749 | D:6      | Reached skill level 11 in Staves
  6943 | D:6      | Reached * piety under Okawaru
  7102 | D:6      | HP: 2/74 [wight/+3 battleaxe of freezing (3)]
  7102 | D:6      | Slain by a wight

Illustrated notes

Levels and vault maps discovered:
D:1:      dpeg_arrival_rooms_with_view, layout_basic
D:2:      layout_loops_ring, minmay_tetromino_i4
D:3:      layout_basic, serial_shops, shop, cheibrodos_sewer_entry_bend,
          chequers_ecumenical_altar_simple_redux, kennysheep_generic_room_5
D:4:      layout_cave_pods, minmay_mini_jars
D:5:      layout_loops_ring, makhleb_heckhound_becter,
          nicolae_uskayaw_murder_on_the_dancefloor, serial_shops,
          nicolae_shop_hallway_stairs, chequers_serial_rivers_room_a,
          chequers_jeans
D:6:      layout_basic, vehumet_crystals, marbit_many_paths,
          mainiacjoe_overflow_big_doors, minmay_temple_entry_arrows
D:7:      minmay_klotski, layout_basic, enter_bailey_8, serial_bayou_pond_e,
          minmay_hollow_rounded_squares
Temple:   dpeg_three_leaves_temple

Skill      XL: |  1  2  3  4  5  6  7  8  9 |
---------------+----------------------------+-----
Staves         | 4 5 7 8 10 11 | 11.1
Fighting       | 3 4 6 |  6.9
Throwing       | |  1.7
Dodging        | |  2.4

Action                   |  1- 3 |  4- 6 |  7- 9 || total
-------------------------+-------+-------+-------++-------
Melee: Quarterstaff      |    91 |   197 |   305 ||   593
  Use: Scroll            |     5 |    10 |     6 ||    21
       Potion            |       |     1 |     2 ||     3
 Stab: Sleeping          |     2 |       |       ||     2
Armor: Leather armour    |    24 |    87 |       ||   111
       Scale mail        |       |     9 |   207 ||   216
Dodge: Dodged            |    45 |   111 |   149 ||   305

Table legend: (Time is in decaauts)
 A = Elapsed time spent in this place.
 B = Non-inter-level travel time spent in this place.
 C = Inter-level travel time spent in this place.
 D = Time resting spent in this place.
 E = Time spent auto-exploring this place.
 F = Levels seen in this place.
 G = Mean time per level.
                   A        B        C        D        E       F      G
               +--------+--------+--------+--------+--------+-----+--------+
         Total |   9068 |   8715 |    353 |     39 |   6729 |   9 | 1007.6 |
       Dungeon |   8328 |   8058 |    270 |     39 |   6432 |   7 | 1189.7 |
        Temple |    225 |    143 |     82 |      0 |     81 |   1 |  225.0 |
         Sewer |    515 |    515 |      0 |      0 |    215 |   1 |  515.0 |
               +--------+--------+--------+--------+--------+-----+--------+

Top non-repeatable levels by time:
     D:6: 1744 daAuts
     D:3: 1552 daAuts
     D:4: 1323 daAuts
     D:5: 1263 daAuts
     D:1: 1224 daAuts
     D:2: 1209 daAuts
   Sewer: 515 daAuts
  Temple: 225 daAuts
     D:7: 10 daAuts
